 Dungeon Crawl Stone Soup version 0.30.0-5-g1a98f26d00 (webtiles) character file.

Game seed: 3551577243770354650

992 browni3141 the Vexing (level 8, 0/66 HPs)
             Began as a Meteoran Hexslinger on May 9, 2023.
             Was an Initiate of Cheibriados.
             Engulfed by a cloud of flame (20 damage)
             ... on level 4 of the Dungeon.
             The game lasted 00:21:13 (2031 turns).

browni3141 the Vexing (Meteoran Hexslinger)         Turns: 2031, Time: 00:21:14

Health: 0/66       AC:  3    Str: 13    XL:     8   Next: 69%
Magic:  1/15       EV: 13    Int: 16    God:    Cheibriados [......]
Gold:   188        SH:  0    Dex: 17    Spells: 4/15 levels left

rFire   . . .        b - +0 dagger (venom)
rCold   . . .        (no shield)
rNeg    . . .        e - +0 robe
rPois   .            (no helmet)
rElec   .            (no cloak)
rCorr   .            T - +0 pair of gloves
SInv    .            (no boots)
Will    +....        (no amulet)
Stlth   +            U - +4 ring of slaying
HPRegen 0.31/turn    (no ring)
MPRegen 0.14/turn

%: no passive effects
@: very slightly contaminated, slowed, glowing, very slow
A: sense surroundings 1, otherworldly, glowing, explore regen
a: Renounce Religion


You were on level 4 of the Dungeon.
You worshipped Cheibriados.
Cheibriados was noncommittal.
You visited 2 branches of the dungeon, and saw 5 of its levels.

You collected 188 gold pieces.

Inventory:

Hand Weapons
 a - a +1 sling
 b - a +0 dagger of venom (weapon)
Armour
 e - a +0 robe (worn)
 T - a +0 pair of gloves (worn)
Jewellery
 U - a +4 ring of slaying (left hand)
Wands
 S - a wand of light (4)
 V - a wand of flame (16)
Scrolls
 i - a scroll of silence
 R - a scroll of teleportation {unknown}
 W - a scroll of enchant weapon
 Y - 2 scrolls of fear
 Z - a scroll of magic mapping
Potions
 c - a potion of cancellation
 h - a potion of haste
 C - a potion of curing
 F - a potion of flight
 X - a potion of mutation {unknown}


   Skills:
 - Level 4.0 Fighting
 - Level 3.0 Short Blades
 + Level 3.2 Ranged Weapons
 - Level 3.0 Dodging
 - Level 2.0 Stealth
 - Level 4.0 Spellcasting
 * Level 7.4 Hexes
 - Level 2.0 Fire Magic
 - Level 2.0 Evocations


You had 4 spell levels left.
You knew the following spells:

 Your Spells              Type           Power      Damage    Failure   Level
a - Cause Fear            Hex            13%        N/A       8%          4
i - Inner Flame           Hex/Fire       18%        N/A       8%          3
p - Portal Projectile     Hex/Tloc       30%        N/A       11%         3
S - Slow                  Hex            100%       N/A       1%          1

Your spell library contained the following spells:

 Spells                   Type           Power      Damage    Failure   Level


Dungeon Overview and Level Annotations

Branches:
Dungeon (4/15) Zot: 663    Temple (1/1) D:4 Zot: 777

Altars:
Ashenzari
Cheibriados
Dithmenos
Elyvilon
Fedhas
Kikubaaqudgha
Makhleb
Qazlal
Ru
Sif Muna
Yredelemnul
Zin


Innate Abilities, Weirdness & Mutations

You passively map a small area around you.
You are easily found by Zot.
You glow in the dark.
You regain HP and MP as you explore.


Message History

Training target 4.0 for Fighting reached!
Your Fighting skill increases to level 4!
Okay, then.
Search for what [? for help]? armor You already know all available spells.
Unknown command.
Okay, then.
Okay, then.
You see here a +0 pair of gloves.
T - a +0 pair of gloves You start putting on your armour.
You continue putting on your +0 pair of gloves. x4
You finish putting on your +0 pair of gloves.
You see here a scroll of identify.
As you read the scroll of identify, it crumbles to dust.
f - a potion of flight;
F - a potion of flight You see here a wand of flame (18).
V - a wand of flame (18);
S - a wand of light (4)
You see here a scroll of identify.
As you read the scroll of identify, it crumbles to dust.
U - a potion of haste;
h - a potion of haste
U - a +4 ring of slaying (left hand)
A dart slug comes into view.
You shoot a sling bullet.
The sling bullet completely misses the dart slug.
You shoot a sling bullet. The sling bullet hits the dart slug.
The dart slug is heavily wounded.
Your +0 dagger of venom begins to drip with poison!
b - a +0 dagger of venom (weapon)
You hit the dart slug.
The dart slug is poisoned.
The dart slug is heavily wounded.
The dart slug bites you but does no damage.
Your +0 dagger of venom stops dripping with poison.
a - a +1 sling (weapon)
You shoot a sling bullet. The sling bullet hits the dart slug.
You kill the dart slug!
You see here a dart slug corpse.
You see here a +0 hand axe.
You see here a scroll of fear.
Y - 2 scrolls of fear (gained 1) Natasha, Servant of Life and Death comes into view.
Natasha hisses angrily.
Natasha casts a spell at you. The magic dart hits you.
You see here a scroll labelled TUIFRE GAFOXT.
R - a scroll labelled TUIFRE GAFOXT
Casting: Inner Flame (dangerous; 8% risk of failure)
Confirm with . or Enter, or press ? or * to list all spells.
Aiming: Inner Flame (dangerous; 8% risk of failure)
Press: ? - help, Dir - move target, f - Natasha
Aim: Natasha (chance to affect: 73%) Natasha is filled with an inner flame.
You shoot a sling bullet. The sling bullet barely misses Natasha.
You shoot a sling bullet. The sling bullet hits Natasha.
Flame seeps out of Natasha.
Natasha is moderately wounded.
Natasha is engulfed in blazing flames.
Flame seeps out of Natasha.
Casting: Inner Flame (dangerous; 8% risk of failure)
Confirm with . or Enter, or press ? or * to list all spells.
Casting: Cause Fear (dangerous; 8% risk of failure)
Press: ? - help, Dir - look around, f - activate You miscast Cause Fear.
You are very lightly contaminated with residual magic.
The light around you dims momentarily.
You feel yourself slow down. Natasha claws you.
Casting: Cause Fear (dangerous; 8% risk of failure)
Confirm with . or Enter, or press ? or * to list all spells.
Casting: Cause Fear (dangerous; 8% risk of failure)
Press: ? - help, Dir - look around, f - activate Natasha easily resists.
Natasha stares at you and mumbles some strange words.
The magic dart hits you!
Casting: Cause Fear (dangerous; 8% risk of failure)
Confirm with . or Enter, or press ? or * to list all spells.
Casting: Cause Fear (dangerous; 8% risk of failure)
Press: ? - help, Dir - look around, f - activate Natasha resists with almost no effort.
Natasha claws you. Natasha misses you.
Casting: Cause Fear (dangerous; 8% risk of failure)
Confirm with . or Enter, or press ? or * to list all spells.
Okay, then.
Aiming: Throw Flame
Press: ? - help, Shift-Dir - straight line, f - Natasha
Aim: Natasha (severely wounded, inner flame, 64% to hit)
The puff of flame misses Natasha.
Natasha barely misses you.
Aiming: Throw Flame
Press: ? - help, Shift-Dir - straight line, f/p - Natasha
Aim: Natasha (severely wounded, inner flame, 64% to hit)
The puff of flame misses Natasha.
Natasha mumbles some strange words.
Natasha closely misses you.
Your +0 dagger of venom begins to drip with poison!
b - a +0 dagger of venom (weapon)
Natasha claws you.
You hit Natasha.
Cheibriados appreciates the change of pace.
Natasha screams in fury as she dies!
The cerulean imp disappears in a puff of smoke!
Natasha explodes!
The fiery explosion engulfs you!!
You are engulfed in blazing flames.
You die...

#....... *
#################....... ,
, ................#.......
, ................##.#####
, ,
.......$........##.##### ,
, .....$..........##..†...
................######.# ,
,>
,.....§§§...............#
, .....§§@........##)....#
, .....§§§§....)..........
,
,,................##....#.
, ................##....#.
................##....#. ,
, .................<#.#.#.
, ,
...............(.##.#.#. ,
.................##.#.#.
...............##.#.##


There were no monsters in sight!

Vanquished Creatures
  Pikel (D:4)
  An ice beast (D:4)
  A phantom (D:4)
  3 lemures (D:4)
  Blork the orc (D:4)
  2 hounds (D:4)
  3 iron imps (D:3)
  Natasha (twice) (D:4)
  2 orc wizards (D:4)
  2 adders (D:4)
  4 worms
  4 dart slugs
  3 orcs (D:4)
  3 ball pythons
  3 endoplasms
  A giant cockroach (D:4)
  5 hobgoblins
  3 quokkas
  4 bats
  11 goblins
  4 kobolds
  7 rats
70 creatures vanquished.

Notes
Turn   | Place    | Note
-------+----------+-------------------------------------------
     0 | D:1      | browni3141 the Meteoran Hexslinger began the quest for the
                  | Orb.
     0 | D:1      | Reached XP level 1. HP: 16/16 MP: 3/3
    97 | D:1      | Reached XP level 2. HP: 17/23 MP: 3/5
   236 | D:2      | Reached skill level 3 in Dodging
   263 | D:2      | Reached XP level 3. HP: 29/29 MP: 6/6
   409 | D:1      | Learned a level 3 spell: Inner Flame
   572 | D:2      | Reached XP level 4. HP: 36/36 MP: 7/7
   950 | D:3      | Found a blossoming altar of Fedhas.
  1159 | D:3      | Found a burning altar of Makhleb.
  1178 | D:3      | Reached XP level 5. HP: 41/41 MP: 8/8
  1186 | D:3      | Reached skill level 4 in Hexes
  1240 | D:4      | Noticed a phantom
  1254 | D:4      | Reached XP level 6. HP: 33/48 MP: 10/10
  1269 | D:4      | Reached skill level 3 in Spellcasting
  1269 | D:4      | Reached skill level 5 in Hexes
  1300 | D:4      | Reached skill level 6 in Hexes
  1300 | D:4      | Reached XP level 7. HP: 10/55 MP: 12/12
  1375 | D:4      | Noticed Natasha
  1409 | D:4      | Killed Natasha
  1414 | D:4      | Learned a level 3 spell: Portal Projectile
  1419 | D:4      | Learned a level 4 spell: Cause Fear
  1695 | D:4      | Noticed Blork the orc
  1700 | D:4      | Noticed Pikel
  1701 | D:4      | Killed Blork the orc
  1718 | D:4      | Killed Pikel
  1719 | D:4      | Reached skill level 3 in Fighting
  1719 | D:4      | Reached skill level 3 in Short Blades
  1719 | D:4      | Reached skill level 3 in Ranged Weapons
  1719 | D:4      | Reached XP level 8. HP: 49/66 MP: 2/15
  1775 | D:4      | Found a staircase to the Ecumenical Temple.
  1781 | Temple   | Entered the Ecumenical Temple
  1822 | Temple   | Became a worshipper of Cheibriados the Contemplative
  1901 | D:4      | Reached skill level 7 in Hexes
  2020 | D:4      | Noticed Natasha
  2031 | D:4      | Killed Natasha
  2031 | D:4      | Engulfed by a cloud of flame

Illustrated notes

Levels and vault maps discovered:
D:1:      giann_wishing_wells, layout_loops_ring
D:2:      layout_basic
D:3:      layout_basic, demons_altar, fedhas_ov_isle_minmay
D:4:      layout_basic, minmay_temple_entry_gardened_gates, serial_bayou_pond_b,
          uniq_pikel, uniq_blork_the_orc, uniq_natasha
Temple:   oiseaux_autumnal_temple

Skill      XL: |  1  2  3  4  5  6  7  8 |
---------------+-------------------------+-----
Fighting       | 2 3 4 |  4.0
Dodging        | 3 |  3.0
Stealth        | 1 2 |  2.0
Evocations     | 2 |  2.0
Spellcasting   | 2 3 4 |  4.0
Hexes          | 4 6 7 |  7.4
Fire Magic     | 1 2 |  2.0
Short Blades   | 3 |  3.0
Ranged Weapons | 3 |  3.2

Action                     |  1- 3 |  4- 6 |  7- 9 || total
---------------------------+-------+-------+-------++-------
  Melee: Dagger            |     2 |    37 |    12 ||    51
         Punch             |       |     1 |       ||     1
   Fire: Sling             |    82 |    39 |    43 ||   164
   Cast: Slow              |     6 |       |     2 ||     8
         Inner Flame       |       |       |     8 ||     8
         Cause Fear        |       |       |     5 ||     5
  Evoke: Wand              |       |    14 |     2 ||    16
    Use: Potion            |       |     2 |       ||     2
         Scroll            |       |       |     8 ||     8
 Armour: Robe              |     5 |    10 |     3 ||    18
  Dodge: Dodged            |    23 |    38 |    18 ||    79
